SKY
TORONTO BLUE JAYS @ KANSAS CITY ROYALS
06/12/2052
 
TOP OF THE 1ST
Toronto Blue Jays batting - Pitching for Kansas City Royals : RHP Jon Casey
Pitching: RHP Jon Casey
Batting: LHB Connor Thomas 0-0: Ground out 4-3 (Groundball, 4, EV 75.6 MPH)
Batting: RHB Mike Asawawong 0-0: Called Strike
0-1: Swinging Strike
0-2: Ball
1-2: Fly out, F7 (Flyball, 7LS, EV 97.5 MPH)
Batting: LHB Jackson Kilsdonk 0-0: Ball
1-0: Swinging Strike
1-1: Called Strike
1-2: Ball
2-2: Strikes out swinging
Top of the 1st over - 0 runs, 0 hits, 0 errors, 0 left on base; Toronto 0 - Kansas City 0
BOTTOM OF THE 1ST
Kansas City Royals batting - Pitching for Toronto Blue Jays : RHP Alfonzo Jiménez
Pitching: RHP Alfonzo Jiménez
Batting: RHB Anastacio Bamba 0-0: Called Strike
0-1: Ball
1-1: Called Strike
1-2: Ball
2-2: Foul Ball, location: 9LMF
2-2: Ball
3-2: Ground out 5-3 (Groundball, 5, EV 89.4 MPH)
Batting: LHB Rudy Phillips 0-0: Ground out 4-3 (Groundball, 4S, EV 84.4 MPH)
Batting: SHB Walter Steffen 0-0: Foul Ball, location: 7LMF
0-1: Ball
1-1: Called Strike
1-2: Ball
2-2: Ball
3-2: Strikes out looking
Bottom of the 1st over - 0 runs, 0 hits, 0 errors, 0 left on base; Toronto 0 - Kansas City 0
TOP OF THE 2ND
Toronto Blue Jays batting - Pitching for Kansas City Royals : RHP Jon Casey
Batting: RHB Jayden Bice 0-0: Ball
1-0: Swinging Strike
1-1: Ball
2-1: Ball
3-1: Called Strike
3-2: SINGLE (Groundball, 4D, EV 96.3 MPH)
Batting: RHB Atlas Alvarado 0-0: Hit by Pitch
Jayden Bice to second
Batting: LHB Gael Villarreal 0-0: Sac Bunt to 2R - play at first, batter OUT! 2-3
Jayden Bice to third
Atlas Alvarado to second
Batting: RHB Ernie Brox 0-0: Called Strike
0-1: Called Strike
0-2: Strikes out looking
Batting: SHB Mendy Pérez 0-0: Ball
1-0: Fly out, F9 (Flyball, 89M, EV 78.8 MPH)
Top of the 2nd over - 0 runs, 1 hit, 0 errors, 2 left on base; Toronto 0 - Kansas City 0
BOTTOM OF THE 2ND
Kansas City Royals batting - Pitching for Toronto Blue Jays : RHP Alfonzo Jiménez
Batting: LHB Tommy Hill 0-0: Foul Ball, location: 3FF
0-1: Foul Ball, location: 3F
0-2: Ball
1-2: Ball
2-2: Foul Ball, location: 2F
2-2: Strikes out swinging
Batting: SHB Roberto Esquivel 0-0: Called Strike
0-1: Swinging Strike
0-2: Ball
1-2: Foul Ball, location: 5F
1-2: Ball
2-2: Strikes out looking
Batting: LHB Britt Lane 0-0: Ball
1-0: Foul Ball, location: 7LDF
1-1: Ground out 4-3 (Groundball, 4, EV 101.3 MPH)
Bottom of the 2nd over - 0 runs, 0 hits, 0 errors, 0 left on base; Toronto 0 - Kansas City 0
TOP OF THE 3RD
Toronto Blue Jays batting - Pitching for Kansas City Royals : RHP Jon Casey
Batting: RHB Fadil Ring 0-0: Ball
1-0: Called Strike
1-1: Foul Ball, location: 5SF
1-2: Strikes out looking
Batting: LHB Connor Thomas 0-0: Ball
1-0: Called Strike
1-1: Ground out 6-3 (Groundball, 6M, EV 83.8 MPH)
Batting: RHB Mike Asawawong 0-0: Called Strike
0-1: Called Strike
0-2: Ground out 6-3 (Groundball, 6, EV 90.6 MPH)
Top of the 3rd over - 0 runs, 0 hits, 0 errors, 0 left on base; Toronto 0 - Kansas City 0
BOTTOM OF THE 3RD
Kansas City Royals batting - Pitching for Toronto Blue Jays : RHP Alfonzo Jiménez
Batting: RHB Cooper Wright 0-0: Foul Ball, location: 3F
0-1: Ball
1-1: Swinging Strike
1-2: Ball
2-2: Strikes out swinging
Batting: RHB Braiden Bonner 0-0: Foul Ball, location: 3FF
0-1: Foul Ball, location: 23FF
0-2: Foul Ball, location: 2F
0-2: Ball
1-2: Hit by Pitch
Batting: RHB Aimar García 0-0: SINGLE (Groundball, 6D, EV 95.6 MPH)
Braiden Bonner to second
Batting: RHB Anastacio Bamba 0-0: Ball
1-0: Called Strike
1-1: Grounds into double play, 5-4-3 (Groundball, 56, EV 102.5 MPH)
Bottom of the 3rd over - 0 runs, 1 hit, 0 errors, 1 left on base; Toronto 0 - Kansas City 0
TOP OF THE 4TH
Toronto Blue Jays batting - Pitching for Kansas City Royals : RHP Jon Casey
Batting: LHB Jackson Kilsdonk 0-0: Called Strike
0-1: Ball
1-1: Called Strike
1-2: Ball
2-2: Ball
3-2: Base on Balls
Batting: RHB Jayden Bice 0-0: DOUBLE (Line Drive, 78XD, EV 93.1 MPH)
Jackson Kilsdonk to third
Batting: RHB Atlas Alvarado 0-0: Ball
1-0: Ball
2-0: Fly out, F8 (Flyball, 89D, EV 100.0 MPH)
Runner from 3rd tags up, SCORES, throw by CF
Jayden Bice to third
Batting: LHB Gael Villarreal 0-0: Called Strike
0-1: Swinging Strike
0-2: Strikes out swinging
Batting: RHB Ernie Brox 0-0: Fly out, F8 (Flyball, 8RD, EV 95.0 MPH)
Top of the 4th over - 1 run, 1 hit, 0 errors, 1 left on base; Toronto 1 - Kansas City 0
BOTTOM OF THE 4TH
Kansas City Royals batting - Pitching for Toronto Blue Jays : RHP Alfonzo Jiménez
Batting: LHB Rudy Phillips 0-0: Called Strike
0-1: Ground out 6-3 (Groundball, 6, EV 81.9 MPH)
Batting: SHB Walter Steffen 0-0: Foul Ball, location: 9LMF
0-1: Ground out 5-3 (Groundball, 5, EV 85.6 MPH)
Batting: LHB Tommy Hill 0-0: Ball
1-0: Ball
2-0: Called Strike
2-1: Ground out 6-3 (Groundball, 6, EV 96.3 MPH)
Bottom of the 4th over - 0 runs, 0 hits, 0 errors, 0 left on base; Toronto 1 - Kansas City 0
TOP OF THE 5TH
Toronto Blue Jays batting - Pitching for Kansas City Royals : RHP Jon Casey
Batting: SHB Mendy Pérez 0-0: Ball
1-0: Swinging Strike
1-1: Ground out 1-3 (Groundball, 13S, EV 68.8 MPH)
Batting: RHB Fadil Ring 0-0: Ball
1-0: Ball
2-0: Foul Ball, location: 3F
2-1: Ball
3-1: Foul Ball, location: 9LSF
3-2: Strikes out looking
Batting: LHB Connor Thomas 0-0: Ball
1-0: DOUBLE (Line Drive, 9LS, EV 95.6 MPH)
Batting: RHB Mike Asawawong 0-0: Ball
1-0: Ball
2-0: Ground out 6-3 (Groundball, 6, EV 76.9 MPH)
Top of the 5th over - 0 runs, 1 hit, 0 errors, 1 left on base; Toronto 1 - Kansas City 0
BOTTOM OF THE 5TH
Kansas City Royals batting - Pitching for Toronto Blue Jays : RHP Alfonzo Jiménez
Batting: SHB Roberto Esquivel 0-0: Called Strike
0-1: Ball
1-1: Foul Ball, location: 2F
1-2: Ball
2-2: Ball
3-2: Base on Balls
Batting: LHB Britt Lane 0-0: Ball
1-0: Sac Bunt to 3S - play at second, runner OUT! 3-6
Batting: RHB Cooper Wright 0-0: Fly out, F4 (Popup, 4S, EV 79.4 MPH)
Batting: RHB Braiden Bonner 0-0: Ball
Britt Lane steals 2nd base
1-0: Ball
2-0: Ball
3-0: Called Strike
3-1: Called Strike
3-2: Foul Ball, location: 2F
3-2: Fly out, F7 (Flyball, 7, EV 83.8 MPH)
Bottom of the 5th over - 0 runs, 0 hits, 0 errors, 1 left on base; Toronto 1 - Kansas City 0
TOP OF THE 6TH
Toronto Blue Jays batting - Pitching for Kansas City Royals : RHP Jon Casey
Batting: LHB Jackson Kilsdonk 0-0: Called Strike
0-1: Ball
1-1: Called Strike
1-2: Ball
2-2: Strikes out looking
Batting: RHB Jayden Bice 0-0: Foul Ball, location: 2F
0-1: Ground out 4-3 (Groundball, 4S, EV 81.3 MPH)
Batting: RHB Atlas Alvarado 0-0: Swinging Strike
0-1: Called Strike
0-2: SINGLE (Line Drive, 56D, EV 100.0 MPH)
Batting: LHB Gael Villarreal 0-0: Called Strike
0-1: Called Strike
0-2: Strikes out looking
Top of the 6th over - 0 runs, 1 hit, 0 errors, 1 left on base; Toronto 1 - Kansas City 0
BOTTOM OF THE 6TH
Kansas City Royals batting - Pitching for Toronto Blue Jays : RHP Alfonzo Jiménez
Batting: RHB Aimar García 0-0: Called Strike
0-1: Called Strike
0-2: Foul Ball, location: 23F
0-2: TRIPLE (Line Drive, 78XD, EV 103.8 MPH)
Batting: RHB Anastacio Bamba 0-0: Ball
1-0: Ball
2-0: Ball
3-0: Base on Balls
Batting: LHB Rudy Phillips 0-0: Ball
1-0: Foul Ball, location: 7LSF
1-1: Ball
2-1: Foul Ball, location: 2F
2-2: Ball
3-2: Base on Balls
Anastacio Bamba to second
Batting: SHB Walter Steffen 0-0: Fly out, F7 (Flyball, 78S, EV 92.5 MPH)
Batting: LHB Tommy Hill 0-0: Fly out, F9 (Flyball, 9D, EV 96.3 MPH)
Runner from 3rd tags up, SCORES, no throw by RF
Anastacio Bamba to third
Batting: SHB Roberto Esquivel 0-0: Called Strike
0-1: Ball
1-1: Ball
2-1: Ball
3-1: Foul Ball, location: 3F
3-2: Strikes out looking
Bottom of the 6th over - 1 run, 1 hit, 0 errors, 2 left on base; Toronto 1 - Kansas City 1
TOP OF THE 7TH
Toronto Blue Jays batting - Pitching for Kansas City Royals : RHP Jon Casey
Batting: RHB Ernie Brox 0-0: Swinging Strike
0-1: Ball
1-1: Fly out, F3 (Popup, 23F, EV 95.0 MPH)
Batting: SHB Mendy Pérez 0-0: Fly out, F8 (Flyball, 8RM, EV 88.1 MPH)
Batting: RHB Fadil Ring 0-0: Swinging Strike
0-1: Ground out 5-3 (Groundball, 5, EV 99.4 MPH)
Top of the 7th over - 0 runs, 0 hits, 0 errors, 0 left on base; Toronto 1 - Kansas City 1
BOTTOM OF THE 7TH
Kansas City Royals batting - Pitching for Toronto Blue Jays : RHP Alfonzo Jiménez
Batting: LHB Britt Lane 0-0: Foul Ball, location: 2LF
0-1: Called Strike
0-2: Ball
1-2: Ball
2-2: Ball
3-2: Foul Ball, location: 3F
3-2: Foul Ball, location: 2F
3-2: Ground out 6-3 (Groundball, 6, EV 104.4 MPH)
Pitching: RHP David Hitz
Pinch Hitting: LHB Bobby Orozco 0-0: Called Strike
0-1: Swinging Strike
0-2: Foul Ball, location: 7LMF
0-2: Ball
1-2: Foul Ball, location: 5DF
1-2: Foul Ball, location: 2F
1-2: Foul Ball, location: 7LMF
1-2: Strikes out looking
Batting: RHB Braiden Bonner 0-0: Called Strike
0-1: Called Strike
0-2: Ball
1-2: Ball
2-2: Foul Ball, location: 3SF
2-2: DOUBLE (Line Drive, 78M, EV 100.0 MPH)
Batting: RHB Aimar García 0-0: Ball
Wild Pitch!
Braiden Bonner to third
1-0: Ball
2-0: Ball
3-0: Base on Balls
Batting: LHB Walter Prater 0-0: Swinging Strike
0-1: Foul Ball, location: 7LDF
0-2: Foul Ball, location: 23F
0-2: Strikes out swinging
Bottom of the 7th over - 0 runs, 1 hit, 0 errors, 2 left on base; Toronto 1 - Kansas City 1
TOP OF THE 8TH
Toronto Blue Jays batting - Pitching for Kansas City Royals : RHP Jon Casey
Now in CF: Britt Lane
Now in RF: Jake Rutkowski
Batting: LHB Connor Thomas 0-0: Ball
1-0: Ball
2-0: Ball
3-0: Called Strike
3-1: Ground out 6-3 (Groundball, 6, EV 84.4 MPH)
Batting: RHB Mike Asawawong 0-0: Fly out, F7 (Flyball, 7D, EV 109.4 MPH)
Batting: LHB Jackson Kilsdonk 0-0: Swinging Strike
0-1: Ball
1-1: Called Strike
1-2: Ball
2-2: Foul Ball, location: 3F
2-2: Foul Ball, location: 23F
2-2: Ball
3-2: Foul Ball, location: 2F
3-2: SINGLE (Groundball, 6D, EV 104.4 MPH)
Pitching: RHP Maximinio Quiroz
Batting: RHB Jayden Bice 0-0: Called Strike
0-1: Ball
1-1: Foul Ball, location: 9LMF
1-2: Foul Ball, location: 2F
1-2: Ball
2-2: Fly out, F4 (Popup, 4MS, EV 76.3 MPH)
Top of the 8th over - 0 runs, 1 hit, 0 errors, 1 left on base; Toronto 1 - Kansas City 1
BOTTOM OF THE 8TH
Kansas City Royals batting - Pitching for Toronto Blue Jays : RHP David Hitz
Pitching: LHP Brent Brown
Pinch Hitting: RHB Bernard Cardinales 0-0: Ball
1-0: Ball
2-0: Ground out 6-3 (Groundball, 6, EV 83.8 MPH)
Batting: SHB Walter Steffen 0-0: Ball
1-0: SINGLE (Line Drive, 9LS, EV 85.6 MPH)
Batting: LHB Tommy Hill 0-0: Ball
1-0: Ball
2-0: Ball
3-0: Base on Balls
Walter Steffen to second
Pinch Hitting: RHB Harry Rivea 0-0: Foul Ball, location: 2F
0-1: Foul Ball, location: 3DF
0-2: Ball
1-2: Reached via error on a dropped throw from 3B, E4 (Groundball, 56, EV 85.0 MPH)
Walter Steffen to third
Tommy Hill to second
Batting: LHB Britt Lane 0-0: Foul Ball, location: 7LDF
0-1: Ball
1-1: Ball
2-1: Called Strike
2-2: Ball
3-2: SINGLE (Line Drive, 9LS, EV 108.8 MPH)
Walter Steffen scores
Tommy Hill to third
Harry Rivea to second
Runner from 3rd tries for Home, SAFE, throw by RF to home
Batting: RHB Jake Rutkowski 0-0: Foul Ball, location: 2F
0-1: Foul Ball, location: 2F
0-2: Strikes out swinging
Batting: RHB Braiden Bonner 0-0: Ball
1-0: Foul Ball, location: 9LDF
1-1: Ball
2-1: Ball
3-1: Foul Ball, location: 2F
3-2: 3-RUN HOME RUN (Flyball, 7LD, EV 96.9 MPH), Distance : 353 ft
Pitching: RHP Vitorio Taveras
Batting: RHB Aimar García 0-0: Ball
1-0: Ball
2-0: Ball
3-0: Called Strike
3-1: Base on Balls
Batting: LHB Walter Prater 0-0: Ball
1-0: Ball
2-0: Foul Ball, location: 2F
2-1: Ball
3-1: Base on Balls
Aimar García to second
Batting: RHB Bernard Cardinales 0-0: DOUBLE (Groundball, 5L, EV 108.8 MPH)
Aimar García scores
Walter Prater to third
Batting: SHB Walter Steffen 0-0: Ball
1-0: Called Strike
1-1: Swinging Strike
1-2: DOUBLE (Flyball, 78XD, EV 110.6 MPH)
Walter Prater scores
Bernard Cardinales scores
Batting: LHB Tommy Hill 0-0: Called Strike
0-1: Swinging Strike
0-2: Ball
1-2: Fly out, F8 (Flyball, 8RD, EV 98.1 MPH)
Bottom of the 8th over - 8 runs, 5 hits, 1 error, 1 left on base; Toronto 1 - Kansas City 9
TOP OF THE 9TH
Toronto Blue Jays batting - Pitching for Kansas City Royals : RHP Maximinio Quiroz
Now at 2B: Jake Rutkowski
Now at 3B: Harry Rivea
Now in RF: Bernard Cardinales
Batting: RHB Atlas Alvarado 0-0: Fly out, F8 (Flyball, 8LXD, EV 98.1 MPH)
Batting: LHB Gael Villarreal 0-0: Fly out, F7 (Flyball, 7LM, EV 86.9 MPH)
Batting: RHB Ernie Brox 0-0: Called Strike
0-1: Swinging Strike
0-2: Strikes out swinging
Top of the 9th over - 0 runs, 0 hits, 0 errors, 0 left on base; Toronto 1 - Kansas City 9
Thursday, April 25th , 2024 - OOTP Baseball 24.11 Build 85